AoeStats
← KUBU NITO

Enclosed

506506483Analyzed
1v1 RM · 20d ago on Sep 13, 2026· 54m 40s· 2 players
Game mode
Random Map
Map size
Tiny (2 player)
Population
200
Speed
Normal
Resources
Standard
Victory
Conquest
Starting age
Dark Age
Ending age
Imperial Age
RankedLock teamsTeams togetherTeam positionsShared explorationLock speedFull tech treeHidden civsTurbo modeCheats
Victory
Defeat
🇨🇭 Britons · Switzerland
920
+15
🇧🇷 Portuguese · Brazil
894
-15
KUBU NITO
0:37 Loom
11:26 Feudal Age
13:33 Horse Collar
14:31 Wheelbarrow
14:12 Double-Bit Axe
22:00 Castle Age
20:31 Gold Mining
20:38 Stone Mining
22:27 Elite Skirmisher
23:14 Thumb Ring
22:34 Pikeman
24:51 Fletching
25:02 Padded Archer Armor
25:53 Heavy Plow
30:40 Imperial Age
29:08 Bodkin Arrow
31:45 Conscription
31:19 Town Watch
33:36 Bracer
33:53 Leather Archer Armor
35:54 Bow Saw
36:54 Chemistry
35:37 Treadmill Crane
robi.oboter
13:23 Feudal Age
12:45 Loom
13:51 Double-Bit Axe
18:02 Castle Age
15:54 Stone Mining
19:44 Bow Saw
20:23 Wheelbarrow
23:06 Horse Collar
26:57 Ballistics
29:45 Town Watch
32:57 Imperial Age
31:13 Town Patrol
32:30 Murder Holes
32:28 Fletching
33:45 Warwolf
34:47 Chemistry
33:45 Bodkin Arrow
35:10 Gold Mining
35:49 Conscription
36:30 Yeomen
36:36 Bracer
37:53 Padded Archer Armor
40:14 Hoardings
44:00 Elite Longbowman
47:08 Gold Shaft Mining
51:23 Two-Man Saw
52:21 Onager
Connection lost

Rejoining the realm…

Still unreachable

The connection could not be restored.

Session expired

The server has moved on; the page needs a fresh start.